 Dungeon Crawl Stone Soup version 0.26.1-11-gd32895ea62 (webtiles) character file.

Game seed: 1860907187625507586

12616 vatarom the Basher (level 11, -1/111 HPs)
             Began as an Ogre Hunter on June 29, 2021.
             Was an Elder of Okawaru.
             Slain by a manticore (6 damage)
             ... on level 11 of the Dungeon.
             The game lasted 00:19:41 (17695 turns).

vatarom the Basher (Ogre Hunter)                   Turns: 17695, Time: 00:19:42

Health: -1/111     AC:  9    Str: 20    XL:     11   Next: 96%
Magic:  0/16       EV: 13    Int: 12    God:    Okawaru [****..]
Gold:   496        SH:  0    Dex: 10    Spells: 10/10 levels left

rFire    . . .     SeeInvis .   B - +1 giant club
rCold    . . .     Faith    .   (shield currently unavailable)
rNeg     . . .     Spirit   +   m - +2 steam dragon scales
rPois    .         Reflect  .   (helmet restricted)
rElec    .         Harm     .   b - +0 cloak {rCorr}
rCorr    +         Rampage  .   (gloves unavailable)
Will     ++...                  (boots unavailable)
Stlth    +.........             u - amulet of guardian spirit
HPRegen  0.28/turn              w - ring of willpower
MPRegen  0.15/turn              s - +4 ring of slaying

@: no status effects
A: large, unfitting armour, blink, tough skin 1, wild magic 1
a: Blink, Renounce Religion, Heroism


You were on level 11 of the Dungeon.
You worshipped Okawaru.
Okawaru was greatly pleased with you.
You visited 2 branches of the dungeon, and saw 11 of its levels.
You also visited: Ossuary.

You collected 600 gold pieces.
You spent 104 gold pieces at shops.

Inventory:

Hand Weapons
 a - a +0 short sword
 e - a +0 mace
 B - a +1 giant club (weapon)
 D - a +4 dire flail
 E - a +0 giant spiked club
Missiles
 c - 3 large rocks (quivered)
 d - 6 throwing nets {!f}
 h - 7 boomerangs
 q - 51 poisoned darts
Armour
 b - a +0 cloak of preservation (worn)
 m - +2 steam dragon scales (worn)
Jewellery
 r - an uncursed amulet of magic regeneration
 s - a +4 ring of slaying (right hand)
 u - an amulet of guardian spirit (around neck)
 w - a ring of willpower (left hand)
 x - an uncursed ring of willpower
 C - an uncursed ring of flight
 G - a cursed amulet of faith {unknown}
Wands
 k - a wand of flame (38)
 p - a wand of enslavement (8)
 F - a wand of polymorph (7)
 I - a wand of iceblast (17) {@v4}
Scrolls
 i - 4 scrolls of immolation
 j - 12 scrolls of teleportation {@r3}
 l - 6 scrolls of identify {@r1}
 o - 2 scrolls of fog
 t - 3 scrolls of remove curse {@r2}
 y - 2 scrolls of blinking {@r4}
 A - a scroll of magic mapping
Potions
 f - a potion of cancellation
 n - a potion of brilliance {@q6}
 v - 3 potions of flight
 z - 2 potions of lignification
 H - a potion of curing {@q1}


   Skills:
 * Level 8.0 Fighting
 + Level 10.5 Maces & Flails
 + Level 9.1 Throwing
 * Level 0.3 Armour
 - Level 7.6 Dodging
 - Level 0.6 Stealth
 * Level 7.4 Invocations
 - Level 2.4 Evocations


You had 10 spell levels left.
You didn't know any spells.
Your spell library contained the following spells:

 Spells                   Type           Power        Failure   Level
 Sandblast                Erth           0%           41%         1
 Passwall                 Tmut/Erth      0%           54%         2
 Stone Arrow              Conj/Erth      0%           77%         3
 Petrify                  Tmut/Erth      0%           98%         4
 Lee's Rapid Deconstruct  Erth           0%           100%        5


Dungeon Overview and Level Annotations

Branches:
Dungeon (9/15)             Temple (1/1) D:7         Ossuary (visited)
   Lair: D:8-11         Orc: D:9-12

Altars:
Ashenzari
Cheibriados
Dithmenos
Elyvilon
Fedhas
Gozag
Hepliaklqana
Kikubaaqudgha
Makhleb
Nemelex Xobeh
Okawaru
Qazlal
Ru
Sif Muna
Trog
Uskayaw
Vehumet
Wu Jian
Xom
Yredelemnul
Zin
The Shining One
Beogh

Shops:
D:5 !

Annotations:
D:3 1 runed translucent door, Crazy Yiuf
D:7 exclusion: ice statue


Innate Abilities, Weirdness & Mutations

You are too large for most types of armour.
You have tough skin. (AC +1)
You can translocate small distances at will.
Your spells are a little harder to cast, but a little more powerful.


Message History

You sock the manticore!
The manticore is almost dead.
The manticore bites you!
* * * LOW HITPOINT WARNING * * *
The manticore claws you but does no damage.
The manticore closely misses you.
You barely miss the manticore.
The manticore is almost dead.
The manticore barely misses you.
The manticore claws you but does no damage.
The manticore claws you!
* * * LOW HITPOINT WARNING * * *
You barely miss the manticore.
The manticore is almost dead.
You carefully extract the barbed spikes from your body.
The manticore bites you!
* * * LOW HITPOINT WARNING * * *
The manticore claws you but does no damage.
The manticore claws you!
You die...

#+### #...####
###....# ####@#
#######H### ######+###
..........# #.........
..........# #.........
..........# #......./.
..........###.......$.
...........)#.........
..........#.'.........
[.........###.........


You could see a manticore.

Vanquished Creatures
  Harold (D:7)
  2 two-headed ogres (D:9)
  The ghost of PanSaczeczos the Ogre Mage, a novice OgCj of Hepliaklqana (D:8)
  A wizard (D:9)
  Pikel (D:8)
  Maurice (D:9)
  Joseph (D:8)
  A gargoyle (D:9)
  A troll (D:9)
  Prince Ribbit (D:9)
  Grinder (D:3)
  A hornet (D:8)
  A wyvern (D:11)
  2 steam dragons (D:6)
  A water moccasin (D:4)
  7 small abominations (D:9)
  An eye of draining (D:9)
  2 orc warriors
  3 ice beasts
  3 sky beasts
  A black bear (D:6)
  5 large abominations (D:9)
  3 ogres
  A phantom (D:4)
  2 necrophages
  5 centaurs
  A lemure (D:8)
  A big kobold (D:8)
  9 bullfrogs
  A wyvern skeleton (D:8)
  A wyvern zombie (Ossuary)
  3 scorpions
  9 killer bees
  10 wights
  A howler monkey (D:4)
  4 bullfrog zombies
  4 hounds
  10 orc priests
  4 centaur zombies
  4 orc wizards
  A centaur skeleton (D:7)
  A bullfrog skeleton (D:6)
  A gnoll shaman (D:6)
  2 iguanas
  5 worker ants
  2 killer bee zombies
  2 hound zombies (Ossuary)
  A hound skeleton (D:5)
  10 mummies (Ossuary)
  Robin (D:2)
  A howler monkey skeleton (D:6)
  9 gnolls
  2 worker ant zombies (Ossuary)
  8 adders
  2 shadow imps
  3 white imps
  An ufetubus (D:8)
  4 adder zombies (Ossuary)
  An adder skeleton (D:9)
  2 dart slugs
  6 leopard geckos
  45 orcs
  A ball python (D:2)
  8 bats
  5 giant cockroaches
  9 goblins
  12 hobgoblins
  13 jackals
  A quokka (D:7)
  2 frilled lizards (D:2)
  A goblin zombie (D:5)
  A jackal zombie (Ossuary)
  14 kobolds
  A leopard gecko zombie (D:8)
  3 quokka zombies
  9 rats
302 creatures vanquished.

Vanquished Creatures (others)
  8 withered plants (Ossuary)
8 creatures vanquished.

Grand Total: 310 creatures vanquished

Notes
Turn   | Place    | Note
-------+----------+-------------------------------------------
     0 | D:1      | vatarom the Ogre Hunter began the quest for the Orb.
     0 | D:1      | Reached XP level 1. HP: 22/22 MP: 1/1
   400 | D:1      | Reached XP level 2. HP: 17/29 MP: 2/2
   605 | D:1      | Reached skill level 1 in Maces & Flails
  1089 | D:2      | Reached XP level 3. HP: 23/37 MP: 3/3
  1887 | D:1      | Reached skill level 2 in Maces & Flails
  2210 | D:2      | Reached XP level 4. HP: 45/45 MP: 4/4
  2227 | D:3      | Noticed Robin
  2820 | D:2      | Killed Robin
  2913 | D:3      | Reached XP level 5. HP: 7/54 MP: 5/5
  3815 | D:3      | Found a runed translucent door.
  3816 | D:3      | Noticed Crazy Yiuf
  3914 | D:3      | Noticed Grinder
  3941 | D:3      | Reached skill level 3 in Maces & Flails
  3964 | D:3      | Killed Grinder
  3965 | D:3      | Reached XP level 6. HP: 31/65 MP: 6/6
  5010 | D:4      | Noticed a phantom
  5021 | D:4      | Noticed a water moccasin
  5022 | D:4      | Reached skill level 5 in Fighting
  5022 | D:4      | Reached skill level 4 in Maces & Flails
  5022 | D:4      | Reached XP level 7. HP: 54/72 MP: 7/7
  5045 | D:4      | Reached skill level 5 in Throwing
  6030 | D:5      | Entered Level 5 of the Dungeon
  6152 | D:5      | Found Ocroah Cuaso's Distillery.
  6181 | D:4      | Reached skill level 5 in Maces & Flails
  6181 | D:4      | Reached XP level 8. HP: 27/75 MP: 2/8
  6512 | D:5      | Bought a potion of mutation for 104 gold pieces
  6512 | D:5      | Gained mutation: You can translocate small distances at
                  | will. [potion of mutation]
  6512 | D:5      | Gained mutation: Your spells are a little harder to cast,
                  | but a little more powerful. [potion of mutation]
  6601 | D:5      | Found a sand-covered staircase.
  6608 | Ossuary  | Entered an ossuary
  7343 | Ossuary  | Reached skill level 6 in Maces & Flails
  8198 | D:5      | Reached XP level 9. HP: 92/93 MP: 9/9
  8778 | D:5      | HP: 3/93 [gnoll/+0 flail (9)]
  9290 | D:6      | Found a basalt altar of Yredelemnul.
  9316 | D:6      | Reached skill level 5 in Dodging
  9921 | D:6      | Reached skill level 7 in Maces & Flails
 10766 | D:7      | Reached skill level 1 in Evocations
 11149 | D:7      | Noticed Harold
 11164 | D:7      | Killed Harold
 11165 | D:7      | Reached skill level 8 in Maces & Flails
 11165 | D:7      | Reached XP level 10. HP: 41/104 MP: 4/10
 11584 | D:7      | Noticed an ice statue
 12019 | D:7      | Found a staircase to the Ecumenical Temple.
 12039 | Temple   | Entered the Ecumenical Temple
 12138 | Temple   | Became a worshipper of Warmaster Okawaru
 12285 | D:8      | Found a bloodstained altar of Trog.
 12603 | D:8      | Noticed Pikel
 12611 | D:8      | Killed Pikel
 12611 | D:8      | Reached * piety under Okawaru
 12612 | D:8      | Reached skill level 1 in Invocations
 13449 | D:8      | Found a shimmering blue altar of Sif Muna.
 13450 | D:8      | Found a white marble altar of Elyvilon.
 13450 | D:8      | Found a glowing silver altar of Zin.
 13450 | D:8      | Noticed Joseph
 13467 | D:8      | Killed Joseph
 13468 | D:8      | Reached skill level 9 in Maces & Flails
 13779 | D:8      | Reached ** piety under Okawaru
 13953 | D:8      | Found a runed translucent gate.
 13954 | D:8      | Found a runed translucent gate.
 13954 | D:8      | Identified the +1 chain mail "Vitupluoh" {Int+3 SInv}
 13955 | D:8      | Found a roughly hewn altar of Beogh.
 13955 | D:8      | Found a runed translucent gate.
 13956 | D:8      | Noticed PanSaczeczos's ghost (novice OgCj)
 14461 | D:8      | Killed PanSaczeczos's ghost
 14462 | D:8      | Reached XP level 11. HP: 111/111 MP: 6/14
 14643 | D:9      | Noticed a two-headed ogre
 14655 | D:9      | Killed a two-headed ogre
 14656 | D:9      | Reached skill level 5 in Invocations
 14685 | D:9      | Noticed a two-headed ogre
 14815 | D:9      | Killed a two-headed ogre
 14815 | D:9      | Reached *** piety under Okawaru
 15137 | D:9      | Noticed a wizard
 15141 | D:9      | Killed a wizard
 15202 | D:9      | Noticed a large abomination
 15225 | D:9      | Reached skill level 10 in Maces & Flails
 15669 | D:9      | Noticed Maurice
 15685 | D:9      | Killed Maurice
 15685 | D:9      | Reached **** piety under Okawaru
 16258 | D:9      | Killed a large abomination
 16850 | D:9      | Noticed Prince Ribbit
 17077 | D:9      | Killed Prince Ribbit
 17098 | D:9      | Received a gift from Okawaru
 17602 | D:9      | You fall into a shaft and drop 2 floors!
 17660 | D:11     | Noticed a manticore
 17695 | D:11     | HP: 5/111 [manticore (7)]
 17695 | D:11     | Slain by a manticore

Illustrated notes

Levels and vault maps discovered:
D:1:      dpeg_arrival_arbitrary_b, layout_basic
D:2:      layout_loops_cross, lightli_corner_chamber
D:3:      layout_rooms, minmay_increasing_density, uniq_crazy_yiuf_cottage,
          uniq_grinder, uniq_robin
D:4:      layout_basic
D:5:      layout_loops_ring, enter_ossuary_4, serial_shops, shop_fountains
D:6:      cheibrodos_steamvent, layout_gridville, old_standard_altar,
          water_maze_lemuel
D:7:      lemuel_ice_statue, layout_basic, minmay_temple_entry_drinking_statues,
          uniq_harold
D:8:      layout_loops_ring, chequers_temple_overflow_statue_of_worship,
          biasface_ghost_orc_armoury, roderic_lattice_a, moated_statue,
          trog_book, uniq_pikel, uniq_joseph
D:9:      layout_loops_ring, orc_0_dummy, solitary_fountain, laboratory,
          uniq_maurice, uniq_prince_ribbit1
D:11:     layout_roguey, minmay_lair_entry_grove
Temple:   hc_temple_tempest_star

Skill      XL: |  1  2  3  4  5  6  7  8  9 10 11 |
---------------+----------------------------------+-----
Fighting       | 3 4 5 7 8 |  8.0
Maces & Flails | 1 2 3 4 5 6 8 9 10 | 10.5
Dodging        | 2 3 4 6 7 |  7.6
Throwing       | 5 6 7 8 9 |  9.1
Evocations     | 2 |  2.4
Invocations    | 4 7 |  7.4
Armour         | |  0.3
Stealth        | |  0.6

Action                   |  1- 3 |  4- 6 |  7- 9 | 10-12 || total
-------------------------+-------+-------+-------+-------++-------
Melee: Mace              |   112 |    70 |       |       ||   182
       Morningstar       |       |    87 |   315 |       ||   402
       Giant club        |       |       |    77 |   289 ||   366
       Dire flail        |       |       |     8 |       ||     8
       Giant spiked club |       |       |       |   105 ||   105
Throw: Boomerang         |     3 |     3 |       |       ||     6
       Large rock        |     1 |     5 |     2 |     2 ||    10
Invok: Heroism           |       |       |       |     3 ||     3
Evoke: Wand              |       |       |     1 |       ||     1
  Use: Scroll            |     5 |     3 |       |     8 ||    16
       Potion            |     1 |     3 |    10 |     6 ||    20
 Stab: Sleeping          |     2 |       |       |     3 ||     5
       Distracted        |       |       |     1 |     1 ||     2
Armor: Robe              |    36 |    93 |    82 |    15 ||   226
       Skin              |    12 |       |       |     2 ||    14
       Steam dragon scal |       |       |       |    69 ||    69
Dodge: Dodged            |    84 |   159 |   225 |   284 ||   752
